 Dungeon Crawl Stone Soup version 0.28.0 (webtiles) character file.

Game seed: 3679273818730266782

46 RepoMan the Skirmisher (level 3, -2/29 HPs)
             Began as a Mummy Cinder Acolyte on Feb 16, 2022.
             Slain by a fire elemental (16 damage)
             ... created by the fiery vengeance of Ignis
             ... on level 2 of the Dungeon.
             The game lasted 00:08:47 (1896 turns).

RepoMan the Skirmisher (Mummy Cinder Acolyte)       Turns: 1896, Time: 00:08:48

Health: -2/29      AC:  2    Str: 17    XL:     3   Next: 46%
Magic:  5/6        EV: 11    Int: 15    God:
Gold:   59         SH:  0    Dex:  7    Spells: 3/6 levels left

rFire   x . .      SeeInvis .   a - -1 falchion (flame)
rCold   + . .      Faith    .   (no shield)
rNeg    + + +      Spirit   .   b - +0 robe
rPois   ∞          Reflect  .   (no helmet)
rElec   .          Harm     .   (no cloak)
rCorr   .          Rampage  .   (no gloves)
Will    .....                   (no boots)
Stlth   +.........              (no amulet)
HPRegen 0.09/turn               (no ring)
MPRegen 0.10/turn               (no ring)

@: no status effects
A: cold resistance 1, negative energy resistance 3, torment resistance 2, heat
vulnerability 1, no potions
a: no special abilities


You were on level 2 of the Dungeon.
You visited 1 branch of the dungeon, and saw 2 of its levels.

You collected 59 gold pieces.

Inventory:

Hand Weapons
 a - a -1 falchion of flaming (weapon)
Armour
 b - a +0 robe (worn)
Scrolls
 c - a scroll of immolation {unknown}
 d - a scroll of identify {unknown}


   Skills:
 - Level 3.2 Fighting
 - Level 2.4 Long Blades
 + Level 2.4 Spellcasting
 * Level 1.5 Conjurations
 + Level 2.6 Fire Magic


You had 3 spell levels left.
You knew the following spells:

 Your Spells              Type           Power      Damage    Failure   Level
q - Magic Dart            Conj           24%        1d4       11%         1
r - Scorch                Fire           18%        2d5       11%         2

Your spell library contained the following spells:

 Spells                   Type           Power      Damage    Failure   Level
 Call Imp                 Summ           1%         N/A       32%         2
 Mephitic Cloud           Conj/Pois/Air  3%         N/A       45%         3


Dungeon Overview and Level Annotations

Branches:
Dungeon (2/15)

Altars:

Annotations:
D:2 1 runed translucent door, Crazy Yiuf


Innate Abilities, Weirdness & Mutations

You are immune to poison.
Your flesh is cold resistant. (rC+)
You are immune to negative energy. (rN+++)
You are immune to unholy pain and torment.
You are vulnerable to heat. (rF-)
You do not drink.


Message History

You see here a fizzy dark potion.
Found a mace.
Found a runed translucent door.
Crazy Yiuf shouts!
Crazy Yiuf laughs, "Lay shrimp forty-two!"
Press: ? - help, v - describe, . - travel
Here: Crazy Yiuf, wielding a +3 quarterstaff of chaos and wearing a +0 cloak (fire blocked by a runed translucent door)
The floor.
Crazy Yiuf yells, "Defame verde pizzabubble!"
An adder comes into view.
Casting: Scorch (safe; 12% risk of failure)
Confirm with . or Enter, or press ? or * to list all spells.
Aiming: Magic Dart (safe; 12% risk of failure)
Press: ? - help, Shift-Dir - straight line, f - adder
Aim: an adder (asleep, 100% to hit)
The magic dart hits the adder.
The adder is lightly wounded.
The adder hisses angrily.
There is an escape hatch in the floor here.
Flames lash the adder.
The adder is severely wounded.
The adder's fire resistance burns away.
Flames lash the adder.
The adder is burned terribly!
You kill the adder!
You start resting.
Ignis calls forth spirits of fire to unmake you! 2 fire elementals come into view.
Unknown command.
Okay, then.
The fire elemental closely misses you. The fire elemental hits you.
The fire elemental burns you! The fire burns you terribly!
Ouch! That really hurt!
Unknown command.
Okay, then.
The fire elemental misses you.
There is an escape hatch in the floor here.
The fire elemental hits you. The fire elemental burns you!
The fire burns you terribly!
Ouch! That really hurt!
You die...

#.#......(.###
#..#......##
#.........#
#.##.#....#
#.....#..○°#####
##.##....°☼○.°..#
##...#####○#####.#
...........#####.##
.#########°°°EE@..#
####.##.########
#....#......#
###.........###
##..........##
##.......#..#
##########.# #.#
#.##


You could see 2 fire elementals.

Vanquished Creatures
  An adder (D:2)
  A dart slug (D:1)
  3 ball pythons
  2 endoplasms
  4 giant cockroaches
  2 goblins (D:1)
  4 hobgoblins
  4 jackals (D:2)
  A quokka (D:2)
  2 bats
  2 frilled lizards
  2 kobolds (D:1)
  3 rats (D:1)
31 creatures vanquished.

Notes
Turn   | Place    | Note
-------+----------+-------------------------------------------
     0 | D:1      | RepoMan the Mummy Cinder Acolyte began the quest for the
                  | Orb.
     0 | D:1      | Reached XP level 1. HP: 18/18 MP: 2/2
   127 | D:1      | Learned a level 1 spell: Magic Dart
   313 | D:1      | Reached XP level 2. HP: 24/24 MP: 1/4
   511 | D:1      | Learned a level 2 spell: Scorch
   789 | D:1      | Reached skill level 1 in Conjurations
  1357 | D:1      | Fell from the grace of Ignis
  1467 | D:2      | Reached XP level 3. HP: 29/29 MP: 3/6
  1817 | D:2      | Found a runed translucent door.
  1818 | D:2      | Noticed Crazy Yiuf
  1882 | D:2      | Noticed a fire elemental
  1882 | D:2      | Noticed a fire elemental
  1896 | D:2      | Slain by a fire elemental

Illustrated notes

Levels and vault maps discovered:
D:1:      dpeg_arrival_solitude, layout_basic
D:2:      layout_rooms, hellmonk_ecumenical_altar_leap_of_faith,
          minmay_randomly_rotated_circles, uniq_crazy_yiuf_cottage

Skill      XL: |  1  2 |
---------------+-------+-----
Spellcasting   | 2 |  2.4
Conjurations   | 1 |  1.5
Fighting       | |  3.2
Long Blades    | |  2.4
Fire Magic     | |  2.6

Action                   || total
-------------------------++-------
Melee: Falchion          ||    46
 Cast: Magic Dart        ||    28
       Scorch            ||    16
Invok: Renounce Religion ||     1
Armor: Robe              ||     7
Dodge: Dodged            ||    23
